 Dungeon Crawl Stone Soup version 0.25.0-9-g26727b657a (webtiles) character file.

Game seed: 1756024388412648871

228 po7itron the Skirmisher (level 5, -2/48 HPs)
             Began as a Minotaur Fighter on June 21, 2020.
             Slain by an ogre
             ... wielding a +0 giant spiked club
              (9 damage)
             ... on level 4 of the Dungeon.
             The game lasted 00:04:19 (2721 turns).

po7itron the Skirmisher (Minotaur Fighter)          Turns: 2721, Time: 00:04:20

Health: -2/48      AC:  8    Str: 22    XL:     5   Next: 70%
Magic:  4/4        EV:  9    Int:  5    God:
Gold:   121        SH: 11    Dex: 15    Spells: 4/4 levels left

rFire    . . .     SeeInvis +   a - +0 long sword
rCold    . . .     Gourm    .   c - +1 kite shield
rNeg     . . .     Faith    .   b - +0 scale mail
rPois    .         Spirit   .   (helmet restricted)
rElec    .         Reflect  .   (no cloak)
rCorr    .         Harm     .   m - +0 pair of gloves
MR       .....                  (no boots)
Stlth    ..........             (no amulet)
HPRegen  0.16/turn              g - ring of see invisible
MPRegen  0.09/turn              n - +6 ring of dexterity

@: no status effects
A: retaliatory headbutt, horns 2
a: no special abilities


You were on level 4 of the Dungeon.
You were not hungry.

You visited 1 branch of the dungeon, and saw 4 of its levels.

You collected 121 gold pieces.

Inventory:

Hand Weapons
 a - a +0 long sword (weapon)
Missiles
 i - 10 poisoned darts
 j - 8 javelins (quivered)
Armour
 b - a +0 scale mail (worn)
 c - a +1 kite shield (worn)
 m - a +0 pair of gloves (worn)
Jewellery
 g - a ring of see invisible (left hand)
 n - a +6 ring of dexterity (right hand)
 v - an uncursed ring of ice {unknown}
Scrolls
 h - 2 scrolls of blinking
 o - 3 scrolls of fog {unknown}
 p - a scroll of enchant weapon {unknown}
 s - a scroll of identify
 t - 2 scrolls of amnesia {unknown}
 w - a scroll of fear {unknown}
Potions
 d - 2 potions of might
 e - 2 potions of stabbing {unknown}
 k - a potion of heal wounds {unknown}
 l - 3 potions of mutation {unknown}
 r - 2 potions of lignification {unknown}
 u - 2 potions of invisibility {unknown}
Comestibles
 f - 3 rations


   Skills:
 + Level 5.3 Fighting
 + Level 4.4 Long Blades
 - Level 3.8 Armour
 + Level 3.0 Dodging
 - Level 4.0 Shields


You had 4 spell levels left.
You didn't know any spells.
Your spell library was empty.

Dungeon Overview and Level Annotations

Branches:
Dungeon (4/15)
 Temple: D:4-7

Altars:
Dithmenos
Gozag


Innate Abilities, Weirdness & Mutations

You reflexively headbutt those who attack you in melee.
You have a pair of horns on your head.


Message History

You barely miss the ogre. Your headbutt misses the ogre.
The ogre is moderately wounded.
The ogre hits you with a +0 giant spiked club!
You slash the ogre!
The ogre is severely wounded.
You completely miss the ogre.
You headbutt the ogre, but do no damage.
The ogre is severely wounded.
You block the ogre's attack.
You barely miss the ogre.
The ogre is severely wounded.
The ogre hits you with a +0 giant spiked club!!
You hit the ogre.
The ogre is severely wounded.
The ogre hits you with a +0 giant spiked club!
* * * LOW HITPOINT WARNING * * *
You barely miss the ogre.
The ogre is severely wounded.
The ogre hits you with a +0 giant spiked club!
You die...

#....... ##......
... #..#...##..##.
...... ......
##..!.##......
.####.............
........O........
........@.....#
#.#..........#.>.
###...(........
#....†....##.
#........##
................#
................#
..................
..................


You could see an ogre.

Vanquished Creatures
  A scorpion (D:4)
  Jessica (D:2)
  A worker ant (D:3)
  4 gnolls (D:3)
  An adder (D:2)
  3 worms
  4 dart slugs (D:1)
  3 leopard geckos
  5 orcs (D:3)
  A giant cockroach (D:1)
  9 goblins
  2 hobgoblins
  9 kobolds
  A quokka (D:3)
  6 bats
  3 frilled lizards
  A leopard gecko skeleton (D:4)
  7 rats
62 creatures vanquished.

Notes
Turn   | Place    | Note
-------+----------+-------------------------------------------
     0 | D:1      | po7itron the Minotaur Fighter began the quest for the Orb.
     0 | D:1      | Reached XP level 1. HP: 19/19 MP: 0/0
   285 | D:1      | Reached XP level 2. HP: 23/27 MP: 1/1
   435 | D:1      | Reached skill level 4 in Fighting
   574 | D:1      | Reached XP level 3. HP: 33/33 MP: 2/2
  1004 | D:2      | Reached skill level 1 in Dodging
  1601 | D:2      | Found a faded altar of an unknown god.
  1766 | D:2      | Noticed Jessica
  1772 | D:2      | Killed Jessica
  1772 | D:2      | Reached XP level 4. HP: 33/41 MP: 3/3
  1877 | D:2      | Found an opulent altar of Gozag.
  2240 | D:3      | Found a shadowy altar of Dithmenos.
  2265 | D:3      | Reached XP level 5. HP: 47/47 MP: 4/4
  2586 | D:4      | Reached skill level 5 in Fighting
  2618 | D:4      | Noticed an ogre
  2721 | D:4      | Slain by an ogre

Illustrated notes

Levels and vault maps discovered:
D:1:      wander_arrival_estate, layout_basic, serial_glass, glass_columns_a,
          glass_columns_c, glass_columns_a, glass_columns_a, glass_columns_c,
          glass_columns_b, glass_columns_a, glass_columns_c, glass_columns_c,
          glass_columns_b, glass_columns_a, glass_columns_a, glass_columns_c,
          glass_columns_a, minmay_misc_feat_nine_boxes
D:2:      layout_loops_ring, grunt_gozag_statues,
          chequers_ecumenical_altar_simple, dk_noncrumbling_4,
          minmay_misc_feat_iff, uniq_jessica
D:3:      layout_rooms, grunt_ministairs_4, grunt_dithmenos_smoke
D:4:      layout_cave_pools, lemuel_coloured_pillars_altar, first_ration

Skill      XL: |  1  2  3  4  5 |
---------------+----------------+-----
Fighting       | 4 5 |  5.3
Shields        | 4 |  4.0
Long Blades    | 3 4 |  4.4
Dodging        | 1 2 3 |  3.0
Armour         | |  3.8

Action                   |  1- 3 |  4- 6 || total
-------------------------+-------+-------++-------
Melee: Long sword        |    92 |    73 ||   165
       Headbutt          |    12 |    18 ||    30
Throw: Javelin           |     1 |       ||     1
  Use: Scroll            |     3 |       ||     3
  Eat: Chunk             |     3 |     2 ||     5
       Ration            |       |     1 ||     1
Armor: Scale mail        |    39 |    27 ||    66
Dodge: Dodged            |    28 |    29 ||    57
Block: Kite shield       |    60 |    59 ||   119
       Rpst.: Long sword |     4 |     4 ||     8
